AoeStats
← Hannibakk

Black Forest

508109836Analyzed
2v2 RM · 11d ago on Sep 20, 2026· 40m 23s· 4 players
Game mode
Random Map
Map size
Medium (4 player)
Population
200
Speed
Normal
Resources
Standard
Victory
Conquest
Starting age
Dark Age
Ending age
Imperial Age
RankedLock teamsTeams togetherTeam positionsShared explorationLock speedFull tech treeHidden civsTurbo modeCheats
Victory
Defeat
🇨🇴 Magyars · Colombia
923
+16
🇫🇷 Teutons · France
922
+16
🇲🇽 Persians · Mexico
929
-16
🇲🇽 Malay · Mexico
918
-16
Hannibakk
0:53 Loom
13:03 Feudal Age
17:29 Castle Age
15:24 Horse Collar
18:36 Heavy Plow
22:55 Wheelbarrow
24:47 Double-Bit Axe
26:08 Hand Cart
27:33 Pikeman
28:14 Squires
33:48 Imperial Age
31:20 Fletching
32:00 Scale Mail Armor
32:11 Forging
31:56 Bodkin Arrow
34:19 Iron Casting
34:00 Chain Mail Armor
38:21 Ironclad
38:22 Conscription
38:33 Guilds
38:54 Coinage
38:02 Capped Ram
39:32 Elite Teutonic Knight
41:21 Blast Furnace
40:21 Padded Archer Armor
40:27 Scale Barding Armor
40:55 Plate Mail Armor
MauH1710
0:27 Loom
11:40 Feudal Age
14:55 Scale Barding Armor
17:10 Bloodlines
20:26 Fletching
20:37 Padded Archer Armor
28:19 Castle Age
39:58 Pikeman
danielg090901
8:31 Loom
10:51 Feudal Age
16:40 Castle Age
15:03 Double-Bit Axe
17:45 Bow Saw
22:16 Forging
25:36 Elite Skirmisher
32:19 Bloodlines
Espartan HS
1:50 Loom
13:44 Feudal Age
18:59 Castle Age
17:48 Double-Bit Axe
23:12 Husbandry
26:34 Scale Barding Armor
30:58 Wheelbarrow
31:12 Gold Mining
32:35 Stone Mining
35:16 Hand Cart
39:25 Fletching
Connection lost

Rejoining the realm…

Still unreachable

The connection could not be restored.

Session expired

The server has moved on; the page needs a fresh start.